 Dungeon Crawl Stone Soup version 0.29-a0-330-g52719c12eb (webtiles) character file.

Game seed: 8603421624418198739

489 Maratek the Vexing (level 7, -2/43 (52) HPs)
             Began as a Gnoll Arcane Marksman on May 31, 2022.
             Slain by a wight
             ... wielding a +0 war axe
              (5 damage)
             ... on level 6 of the Dungeon.
             The game lasted 00:14:41 (3749 turns).

Maratek the Vexing (Gnoll Arcane Marksman)          Turns: 3749, Time: 00:14:42

HP:   -2/43 (52)    AC:  2    Str:  9    XL:     7   Next: 14%
MP:   12/12         EV: 18    Int: 13    God:
Gold: 253           SH:  0    Dex: 14    Spells: 10/13 levels left

rFire   . . .      SeeInvis .   f - +3 arbalest (freeze)
rCold   . . .      Faith    .   (shield currently unavailable)
rNeg    . . .      Spirit   .   b - +0 robe
rPois   .          Reflect  .   (no helmet)
rElec   .          Harm     .   (no cloak)
rCorr   .          Rampage  .   (no gloves)
Will    .....                   (no boots)
Stlth   ++........              (no amulet)
HPRegen 0.14/turn               s - +4 ring of evasion
MPRegen 0.13/turn               (no ring)

@: heavily drained
A: fangs 1, strong nose, distributed training
a: no special abilities


You were on level 6 of the Dungeon.
You visited 1 branch of the dungeon, and saw 6 of its levels.

You collected 253 gold pieces.

Inventory:

Hand Weapons
 f - a +3 arbalest of freezing (weapon)
Armour
 b - a +0 robe (worn)
Jewellery
 s - a +4 ring of evasion (left hand)
Wands
 i - a wand of polymorph (3)
 o - a wand of acid (5)
Scrolls
 c - 3 scrolls of vulnerability
 d - a scroll of teleportation
 g - a scroll of amnesia
 l - 6 scrolls of identify
 n - 2 scrolls of fog
Potions
 e - a potion of ambrosia
 h - a potion of mutation {unknown}
 j - a potion of attraction {unknown}
 k - 2 potions of brilliance
 q - a potion of haste {unknown}
 r - a potion of resistance {unknown}


   Skills:
 + Level 3.5 Fighting
 + Level 2.3 Short Blades
 + Level 2.3 Long Blades
 + Level 2.3 Axes
 + Level 2.3 Maces & Flails
 + Level 2.3 Polearms
 + Level 2.3 Staves
 + Level 2.3 Slings
 + Level 2.3 Bows
 + Level 5.1 Crossbows
 + Level 2.3 Throwing
 + Level 2.3 Armour
 + Level 5.1 Dodging
 + Level 2.3 Stealth
 + Level 2.3 Shields
 + Level 2.3 Unarmed Combat
 + Level 3.6 Spellcasting
 + Level 1.8 Conjurations
 + Level 5.8 Hexes
 + Level 1.8 Summonings
 + Level 1.8 Necromancy
 + Level 1.8 Translocations
 + Level 1.8 Transmutations
 + Level 1.8 Fire Magic
 + Level 1.8 Ice Magic
 + Level 1.8 Air Magic
 + Level 1.8 Earth Magic
 + Level 1.8 Poison Magic
 + Level 2.5 Invocations
 + Level 2.3 Evocations


You had 10 spell levels left.
You knew the following spells:

 Your Spells              Type           Power      Damage    Failure   Level
a - Slow                  Hex            68%        N/A       1%          1
b - Summon Small Mammal   Summ           28%        N/A       10%         1
c - Animate Skeleton      Necr           14%        N/A       10%         1

Your spell library contained the following spells:

 Spells                   Type           Power      Damage    Failure   Level
 Ensorcelled Hibernation  Hex/Ice        24%        N/A       7%          2
 Apportation              Tloc           14%        N/A       10%         1
 Freeze                   Ice            28%        1d5       10%         1
 Magic Dart               Conj           28%        1d4       10%         1
 Inner Flame              Hex/Fire       12%        N/A       13%         3
 Portal Projectile        Hex/Tloc       24%        N/A       13%         3
 Call Imp                 Summ           7%         N/A       16%         2
 Cause Fear               Hex            8%         N/A       21%         4
 Frozen Ramparts          Ice            14%        1d3       30%         3
 Mephitic Cloud           Conj/Pois/Air  7%         N/A       30%         3
 Ozocubu's Armour         Ice            7%         N/A       30%         3
 Spider Form              Tmut/Pois      7%         N/A       30%         3
 Anguish                  Hex/Necr       6%         N/A       41%         4
 Hailstorm                Conj/Ice       7%         3d4       69%         4
 Ozocubu's Refrigeration  Ice            3%         4d5       100%        7


Dungeon Overview and Level Annotations

Branches:
Dungeon (6/15)
 Temple: D:4-7

Altars:


Innate Abilities, Weirdness & Mutations

You have very sharp teeth.
Your uncanny sense of smell can sniff out nearby items.
Your experience applies equally to all skills.


Message History

The wight hits you from afar with a +0 trident.
The wight misses you.
You are too injured to fight recklessly!
You are too injured to fight recklessly!
The wight misses you.
You bump into the rock wall.
The wight barely misses you.
You closely miss the wight. Your bite misses the wight.
The wight is lightly damaged.
The wight hits you from afar with a +0 trident!
You feel drained. The wight hits you with a +0 war axe!
You feel drained. The wight completely misses you. The wight barely misses you.
The wight hits you from afar with a +0 trident!
You feel drained. The wight misses you.
You clumsily bash the wight but do no damage.
The wight is lightly damaged.
You feel less invigorated.
You feel less confused. The wight closely misses you. The wight misses you.
The wight closely misses you. x2
The wight misses you. The wight barely misses you.
The wight attacks as you move away! The wight closely misses you.
The wight misses you. The wight misses you. The wight attacks as you move away!
The wight completely misses you. The wight attacks as you move away!
The wight misses you. The wight attacks as you move away! The wight misses you.
The wight attacks as you move away! The wight closely misses you.
The wight attacks as you move away! The wight hits you with a +0 war axe!
You feel drained.
* * * LOW HITPOINT WARNING * * *
The wight misses you. The wight hits you with a +0 war axe!
* * * LOW HITPOINT WARNING * * *
The wight closely misses you. The wight attacks as you move away!
The wight hits you with a +0 war axe.
* * * LOW HITPOINT WARNING * * *
You feel drained.
There is a stone staircase leading up here.
The wight hits you with a +0 war axe.
You die...

### #.# #@# #z# #
#z# ###.#
#.####....#
#......#
#########...##
#.......'...+
#.#######...#####
#>...............


You could see 2 wights.

Vanquished Creatures
  An ogre (D:5)
  A phantom (D:5)
  A wight (D:6)
  Crazy Yiuf (D:5)
  2 hounds
  A jelly (D:6)
  Ijyb (D:4)
  4 adders
  An ufetubus (D:4)
  3 worms (D:2)
  3 dart slugs
  5 orcs
  7 endoplasms
  4 giant cockroaches
  7 goblins
  12 hobgoblins
  3 jackals (D:2)
  7 kobolds
  6 quokkas
  2 ball pythons (D:2)
  2 bats (D:2)
  4 frilled lizards
  5 rats
83 creatures vanquished.

Notes
Turn   | Place    | Note
-------+----------+-------------------------------------------
     0 | D:1      | Maratek the Gnoll Arcane Marksman began the quest for the
                  | Orb.
     0 | D:1      | Reached XP level 1. HP: 17/17 MP: 4/4
   323 | D:1      | Reached XP level 2. HP: 23/23 MP: 5/5
   636 | D:1      | Reached XP level 3. HP: 18/28 MP: 7/7
  1023 | D:2      | Reached skill level 1 in Invocations
  1161 | D:2      | Learned a level 1 spell: Summon Small Mammal
  1490 | D:2      | Reached skill level 1 in Short Blades
  1490 | D:2      | Reached skill level 1 in Long Blades
  1490 | D:2      | Reached skill level 1 in Axes
  1490 | D:2      | Reached skill level 1 in Maces & Flails
  1490 | D:2      | Reached skill level 1 in Polearms
  1490 | D:2      | Reached skill level 1 in Staves
  1490 | D:2      | Reached skill level 1 in Slings
  1490 | D:2      | Reached skill level 1 in Bows
  1490 | D:2      | Reached skill level 1 in Throwing
  1490 | D:2      | Reached skill level 1 in Armour
  1490 | D:2      | Reached skill level 1 in Stealth
  1490 | D:2      | Reached skill level 1 in Shields
  1490 | D:2      | Reached skill level 1 in Unarmed Combat
  1490 | D:2      | Reached skill level 1 in Evocations
  1490 | D:2      | Reached XP level 4. HP: 34/34 MP: 8/8
  2013 | D:3      | Reached skill level 1 in Conjurations
  2013 | D:3      | Reached skill level 1 in Summonings
  2013 | D:3      | Reached skill level 1 in Necromancy
  2013 | D:3      | Reached skill level 1 in Translocations
  2013 | D:3      | Reached skill level 1 in Transmutations
  2013 | D:3      | Reached skill level 1 in Fire Magic
  2013 | D:3      | Reached skill level 1 in Ice Magic
  2013 | D:3      | Reached skill level 1 in Air Magic
  2013 | D:3      | Reached skill level 1 in Earth Magic
  2013 | D:3      | Reached skill level 1 in Poison Magic
  2013 | D:3      | Reached XP level 5. HP: 40/40 MP: 9/9
  2123 | D:3      | Learned a level 1 spell: Animate Skeleton
  2643 | D:4      | Noticed Ijyb
  2653 | D:4      | Killed Ijyb
  2824 | D:4      | Noticed a black bear
  2853 | D:5      | Entered Level 5 of the Dungeon
  2853 | D:5      | Noticed a phantom
  2865 | D:5      | Killed a phantom
  2866 | D:5      | Reached XP level 6. HP: 43/47 MP: 9/11
  3023 | D:5      | Identified a scroll of acquirement
  3023 | D:5      | Acquired a +3 arbalest of freezing
  3051 | D:5      | Found a sand-covered staircase.
  3072 | D:5      | Reached skill level 5 in Crossbows
  3072 | D:5      | Reached skill level 5 in Dodging
  3171 | D:5      | Found a runed translucent door.
  3172 | D:5      | Noticed Crazy Yiuf
  3604 | D:5      | Killed Crazy Yiuf
  3700 | D:6      | Reached XP level 7. HP: 52/52 MP: 12/12
  3749 | D:6      | Slain by a wight

Illustrated notes

Levels and vault maps discovered:
D:1:      nzn_arrival_depleted_hourglass, layout_rooms
D:2:      minmay_razor_zed, layout_rooms, roderic_roman_lattice
D:3:      layout_rooms, amcnicky_mini_corridor_feature
D:4:      layout_cave_pools, kennysheep_generic_room_8, uniq_ijyb
D:5:      layout_loops_ring, nicolae_ossuary_entry_false_entrances,
          uniq_crazy_yiuf_cottage
D:6:      layout_basic, minmay_temple_entry_tees, serial_bayou_lagoon_b

Skill      XL: |  1  2  3  4  5  6 |
---------------+-------------------+-----
Invocations    | 1 2 |  2.5
Short Blades   | 1 2 |  2.3
Long Blades    | 1 2 |  2.3
Axes           | 1 2 |  2.3
Maces & Flails | 1 2 |  2.3
Polearms       | 1 2 |  2.3
Staves         | 1 2 |  2.3
Slings         | 1 2 |  2.3
Bows           | 1 2 |  2.3
Throwing       | 1 2 |  2.3
Armour         | 1 2 |  2.3
Stealth        | 1 2 |  2.3
Shields        | 1 2 |  2.3
Unarmed Combat | 1 2 |  2.3
Evocations     | 1 2 |  2.3
Spellcasting   | 3 |  3.6
Conjurations   | 1 |  1.8
Summonings     | 1 |  1.8
Necromancy     | 1 |  1.8
Translocations | 1 |  1.8
Transmutations | 1 |  1.8
Fire Magic     | 1 |  1.8
Ice Magic      | 1 |  1.8
Air Magic      | 1 |  1.8
Earth Magic    | 1 |  1.8
Poison Magic   | 1 |  1.8
Fighting       | 3 |  3.5
Crossbows      | 5 |  5.1
Dodging        | 5 |  5.1
Hexes          | |  5.8

Action                   |  1- 3 |  4- 6 |  7- 9 || total
-------------------------+-------+-------+-------++-------
Melee: Arbalest          |       |       |     2 ||     2
 Fire: Hand crossbow     |   108 |   171 |       ||   279
       Arbalest          |       |    15 |     6 ||    21
 Cast: Slow              |     4 |       |       ||     4
       Summon Small Mamm |     1 |     1 |       ||     2
       Animate Skeleton  |       |     5 |       ||     5
  Use: Scroll            |     3 |     5 |       ||     8
       Potion            |     1 |     4 |     1 ||     6
Armor: Robe              |     6 |     7 |       ||    13
Dodge: Dodged            |    27 |    57 |    27 ||   111

Table legend: (Time is in decaauts)
 A = Elapsed time spent in this place.
 B = Non-inter-level travel time spent in this place.
 C = Inter-level travel time spent in this place.
 D = Time resting spent in this place.
 E = Time spent auto-exploring this place.
 F = Levels seen in this place.
 G = Mean time per level.
                   A        B        C        D        E       F      G
               +--------+--------+--------+--------+--------+-----+--------+
         Total |   3841 |   3841 |      0 |      0 |   2962 |   6 |  640.2 |
       Dungeon |   3841 |   3841 |      0 |      0 |   2962 |   6 |  640.2 |
               +--------+--------+--------+--------+--------+-----+--------+

Top non-repeatable levels by time:
     D:2: 1043 daAuts
     D:1: 873 daAuts
     D:5: 855 daAuts
     D:4: 532 daAuts
     D:3: 475 daAuts
     D:6: 61 daAuts
